Map: Magannatha LE

Players

ManlyManMeat - Winner!

  • Race: Zerg Zerg
  • League: Diamond
  • Spawn Location: 5:00

PaicCitron

  • Race: Zerg Zerg
  • League: Master
  • Spawn Location: 11:00

VOD

Have the link to the VOD?

Description

Time

  • Played on: July 8, 2025, 8:04 a.m.
  • Length: 4:47
Show
View Real Time Build Order
Export as new Build Order

ManlyManMeat Zerg - Winner!

Build Orders: Hatch First 

Get SALT Encoding   

  12  0:00  Drone  
  13  0:08  Drone  
  14  0:16  Drone, Extractor  
  15  0:21  Overlord  
  15  0:40  Drone  
  16  0:46  Hatchery  
  16  0:50  Drone  
  16  0:54  Drone  
  17  0:57  Drone  
  18  1:04  Extractor  
  17  1:14  Spawning Pool  
  17  1:17  Drone  
  17  1:20  Drone  
  18  1:26  Drone  
  19  1:37  Drone  
  20  2:00  Queen  
  20  2:01  Zergling x4, Queen  
  24  2:04  Overlord  
  26  2:10  Metabolic Boost  
  26  2:16  Drone x2  
  28  2:23  Zergling x4  
  30  2:33  Baneling Nest  
  30  2:36  Drone x2  
  31  2:57  Hatchery  
  30  3:00  Zergling x6  
  33  3:14  Zergling x6  
  33  3:18  Baneling x3  
  33  3:19  Baneling x2  
  36  3:32  Zergling x4  
  33  3:44  Zergling x6  
  36  3:52  Overlord  
  36  4:05  Roach Warren  
  36  4:06  Drone  
  36  4:07  Overlord  
  36  4:13  Baneling  
Show
View Real Time Build Order
Export as new Build Order

PaicCitron Zerg 

Build Orders: Pool First 

Get SALT Encoding   

  12  0:00  Drone  
  13  0:14  Overlord  
  13  0:16  Drone  
  14  0:33  Drone x2  
  16  0:49  Extractor, Spawning Pool  
  14  0:50  Drone x2  
  16  1:09  Hatchery  
  15  1:13  Drone  
  16  1:23  Overlord  
  16  1:39  Queen  
  18  1:40  Zergling x2  
  18  1:44  Zergling x2  
  20  1:54  Zergling x4  
  20  1:59  Metabolic Boost  
  22  2:04  Zergling x2  
  23  2:16  Zergling x2  
  24  2:25  Zergling x4  
  26  2:34  Queen  
  28  2:42  Baneling Nest, Drone  
  28  2:58  Zergling x2  
  28  2:59  Zergling x6  
  32  3:05  Overlord  
  32  3:15  Drone  
  32  3:16  Drone  
  23  3:47  Zergling x8  
  27  3:52  Roach Warren  
  27  3:55  Drone x2  
  28  3:57  Evolution Chamber  
  28  4:00  Baneling x2  
  28  4:01  Baneling  
  27  4:05  Drone  
Tags
 
Add a new tag
Caveats
  • Supply blocks, unpowered buildings, or Contaminate may cause inaccurate times.
  • Supply counts are checked every 10 seconds.